 Dungeon Crawl Stone Soup version 0.28-a0-309-gf6d37e6e1d (webtiles) character file.

Game seed: 14081984147202061473

371 McIrco the Covered (level 7, -1/55 HPs)
             Began as a Human Fighter on Aug 30, 2021.
             Slain by a gnoll (4 damage)
             ... on level 4 of the Dungeon.
             The game lasted 00:05:34 (3370 turns).

McIrco the Covered (Human Fighter)                  Turns: 3370, Time: 00:05:34

Health: -1/55      AC:  7    Str: 19    XL:     7   Next: 2%
Magic:  7/7        EV:  7    Int:  8    God:
Gold:   61         SH:  9    Dex: 12    Spells: 6/6 levels left

rFire   + . .      SeeInvis .   a - +0 war axe
rCold   + . .      Faith    .   c - +0 kite shield
rNeg    . . .      Spirit   .   b - +0 scale mail
rPois   +          Reflect  .   (no helmet)
rElec   +          Harm     .   (no cloak)
rCorr   +          Rampage  .   (no gloves)
Will    .....                   (no boots)
Stlth   ..........              (no amulet)
HPRegen 0.18/turn               (no ring)
MPRegen 0.10/turn               (no ring)

@: mighty, brilliant, resistant, flying, hasted, very quick
A: MP-powered wands
a: no special abilities


You were on level 4 of the Dungeon.
You visited 1 branch of the dungeon, and saw 4 of its levels.

You collected 61 gold pieces.

Inventory:

Hand Weapons
 a - a +0 war axe (weapon)
Armour
 b - a +0 scale mail (worn)
 c - a +0 kite shield (worn)
Scrolls
 j - 2 scrolls of amnesia {unknown}
 l - a scroll of immolation
 o - a scroll of identify {unknown}
Potions
 e - 2 potions of lignification


   Skills:
 + Level 4.4 Fighting
 - Level 2.1 Axes
 + Level 5.1 Armour
 + Level 4.9 Shields


You had 6 spell levels left.
You didn't know any spells.
Your spell library contained the following spells:

 Spells                   Type           Power      Damage    Failure   Level
 Summon Small Mammal      Summ           0%         N/A       99%         1
 Call Canine Familiar     Summ           0%         N/A       100%        3
 Summon Guardian Golem    Hex/Summ       0%         N/A       100%        3


Dungeon Overview and Level Annotations

Branches:
Dungeon (4/15)             Temple (0/1) D:4

Altars:

Annotations:
D:3 Sigmund
D:4 1 runed translucent door, Necrophagist's ghost, novice HOFi


Innate Abilities, Weirdness & Mutations

You expend magic power (3 MP) to strengthen your wands.


Message History

You slash the gnoll!
The gnoll is severely wounded.
The gnoll hits you with a +0 flail!
* * * LOW HITPOINT WARNING * * *
You slash the gnoll!
You kill the gnoll!
You have reached level 7!
Your shield prevents you from hitting the gnoll.
You block the gnoll's attack. The gnoll hits you with a +0 club.
* * * LOW HITPOINT WARNING * * *
You closely miss the gnoll. The gnoll hits you with a +0 club.
* * * LOW HITPOINT WARNING * * *
It was a potion of brilliance.
You feel clever all of a sudden. The gnoll closely misses you.
It was a potion of curing.
You feel better. The gnoll hits you but does no damage.
Your shield prevents you from hitting the gnoll.
The gnoll closely misses you. The gnoll hits you with a +0 club.
* * * LOW HITPOINT WARNING * * *
You closely miss the gnoll. The gnoll hits you but does no damage.
You block the gnoll's attack.
It was a potion of flight.
You feel very buoyant.
You fly up into the air.
The gnoll hits you with a +0 club.
* * * LOW HITPOINT WARNING * * *
Unknown command.
It was a potion of mutation.
You feel extremely strange.
You feel your magical essence link to the dungeon's wands.
The gnoll closely misses you.
Unknown command.
It was a potion of resistance.
You feel protected. The gnoll hits you with a +0 club.
* * * LOW HITPOINT WARNING * * *
You barely miss the gnoll. The gnoll hits you with a +0 club.
* * * LOW HITPOINT WARNING * * *
It was a potion of haste.
You feel yourself speed up. The gnoll hits you with a +0 club.
You die...

#..####..........###.†.......
...............#.# #......###
#.######..##.###.# #......#
#.........##.# #.# #......#
..#######.##.###.# #.......#
### #.##.....# ####....#
########.# ....# #.# >...#
#@# #g# ... ..... .....?.
..>.....# .........+
####......#


You could see a gnoll.

Vanquished Creatures
  A black bear (D:4)
  An orc priest (D:4)
  A hound (D:4)
  An iguana (D:4)
  An orc wizard (D:4)
  5 adders (D:2)
  3 gnolls (D:4)
  4 adder skeletons (D:4)
  2 dart slugs (D:2)
  2 worms (D:2)
  6 orcs
  6 ball pythons
  A bat (D:2)
  6 endoplasms
  4 giant cockroaches
  6 hobgoblins
  9 kobolds
  7 quokkas
  3 frilled lizards
  5 goblins
  5 rats
79 creatures vanquished.

Notes
Turn   | Place    | Note
-------+----------+-------------------------------------------
     0 | D:1      | McIrco the Human Fighter began the quest for the Orb.
     0 | D:1      | Reached XP level 1. HP: 18/18 MP: 1/1
    92 | D:1      | Reached XP level 2. HP: 9/24 MP: 2/2
   753 | D:1      | Reached XP level 3. HP: 27/29 MP: 3/3
  1363 | D:2      | Reached XP level 4. HP: 15/35 MP: 4/4
  1857 | D:2      | Reached skill level 4 in Armour
  2146 | D:2      | Reached XP level 5. HP: 41/41 MP: 5/5
  2342 | D:2      | Found a faded altar of an unknown god.
  2381 | D:3      | Noticed Sigmund
  2568 | D:4      | Found a runed translucent door.
  2571 | D:4      | Noticed Necrophagist's ghost (novice HOFi)
  2834 | D:4      | Noticed a black bear
  2847 | D:4      | Killed a black bear
  2848 | D:4      | Reached XP level 6. HP: 6/48 MP: 6/6
  3340 | D:4      | Found a staircase to the Ecumenical Temple.
  3358 | D:4      | Reached skill level 5 in Armour
  3360 | D:4      | Reached XP level 7. HP: 13/55 MP: 7/7
  3367 | D:4      | Gained mutation: You expend magic power (3 MP) to
                  | strengthen your wands. [potion of mutation]
  3370 | D:4      | Slain by a gnoll

Illustrated notes

Levels and vault maps discovered:
D:1:      dpeg_arrival_castle, layout_rooms, chequers_serial_rivers_micro_d,
          chequers_serial_rivers_micro_d, kennysheep_crisscross
D:2:      minmay_diamond_boxcup, layout_basic, basic_ecumenical_altar,
          minivault_23
D:3:      layout_basic, nicolae_ru_sacrificial_ziggurat, serial_shops, shop,
          corexii_hall_statues_i, minivault_26, minmay_liquid_box, uniq_jessica,
          uniq_sigmund
D:4:      layout_basic, minmay_temple_entry_proselytizer,
          ebering_ghost_inner_flame, item_on_display_a

Skill      XL: |  1  2  3  4  5  6 |
---------------+-------------------+-----
Armour         | 4 5 |  5.1
Shields        | 4 |  4.9
Fighting       | 4 |  4.4
Axes           | |  2.1

Action                   |  1- 3 |  4- 6 |  7- 9 || total
-------------------------+-------+-------+-------++-------
Melee: War axe           |    79 |   163 |     5 ||   247
  Use: Potion            |       |     4 |     6 ||    10
Armor: Scale mail        |    39 |    90 |     2 ||   131
       Skin              |       |     2 |       ||     2
Dodge: Dodged            |    27 |    54 |     3 ||    84
Block: Kite shield       |    51 |    94 |     2 ||   147

Table legend: (Time is in decaauts)
 A = Elapsed time spent in this place.
 B = Non-inter-level travel time spent in this place.
 C = Inter-level travel time spent in this place.
 D = Time resting spent in this place.
 E = Time spent auto-exploring this place.
 F = Levels seen in this place.
 G = Mean time per level.
                   A        B        C        D        E       F      G
               +--------+--------+--------+--------+--------+-----+--------+
         Total |   3530 |   3505 |     25 |    400 |   2413 |   4 |  882.5 |
       Dungeon |   3530 |   3505 |     25 |    400 |   2413 |   4 |  882.5 |
               +--------+--------+--------+--------+--------+-----+--------+

Top non-repeatable levels by time:
     D:2: 1585 daAuts
     D:1: 929 daAuts
     D:4: 912 daAuts
     D:3: 102 daAuts
